 Dungeon Crawl Stone Soup version 0.22.1 (webtiles) character file.

89539 Torikoriko the Unseen (level 15, -13/122 HPs)
             Began as a Vampire Assassin on Sept 17, 2018.
             Was a Follower of Uskayaw.
             Killed from afar by a fire dragon (49 damage)
             ... with a blast of flame
             ... on level 15 of the Dungeon.
             The game lasted 03:21:45 (49171 turns).

Torikoriko the Unseen (Vampire Assassin)           Turns: 49171, Time: 03:21:46

Health: -13/122    AC:  0    Str: 11    XL:     15   Next: 49%
Magic:  18/20      EV: 37    Int: 15    God:    Uskayaw [*.....]
Gold:   2188       SH:  0    Dex: 25    Spells: 11/14 levels left

rFire    . . .     SeeInvis +   (weapon currently unavailable)
rCold    + . .     Gourm    .   (shield currently unavailable)
rNeg     + + .     Faith    .   (armour currently unavailable)
rPois    +         Spirit   .   (helmet currently unavailable)
rElec    .         Reflect  .   (cloak currently unavailable)
rCorr    .         Harm     .   (gloves currently unavailable)
MR       +....                  (boots currently unavailable)
Stlth    +++++++++.             (no amulet)
HPRegen  0.15/turn              (ring currently unavailable)
MPRegen  0.17/turn              (ring currently unavailable)

@: bat-form, flying, regenerating slowly, very quick
A: tiny, fangs 3, see invisible
a: End Transformation, Stomp, Renounce Religion


You were on level 15 of the Dungeon.
You worshipped Uskayaw.
Uskayaw was noncommittal.
You were thirsty.
You were in vampire-bat-form.
You visited 4 branches of the dungeon, and saw 24 of its levels.

You collected 2188 gold pieces.

Inventory:

Hand Weapons
 a - the +5 quick blade of Tobe (melded) {venom, rPois rF+++ Dex-5 Stlth+}
   (You acquired it on level 1 of the Lair of Beasts)

   It poisons the flesh of those it strikes.
   It affects your dexterity (-5).
   It renders you almost immune to fire.
   It protects you from poison.
   It makes you more stealthy.
 b - the +5 hunting sling of the Countless Ghosts {venom, Dex+7 Stlth+}
   (You took it off a wight on level 11 of the Dungeon)

   It poisons the ammo it fires.
   It affects your dexterity (+7).
   It makes you more stealthy.
 t - a +1 dagger of protection
 w - a +0 blowgun
Missiles
 e - 3 poisoned needles
 f - 2 curare-tipped needles {!f}
 n - 212 stones (quivered)
 r - 89 sling bullets
Armour
 j - a +2 cloak (melded)
 s - a +2 robe of magic resistance (melded)
 y - a +2 robe of resistance
 B - a +0 helmet (melded)
 I - a +2 robe of positive energy
 K - the +1 pair of boots of the Hidden Vale (melded) {rF+ Stlth+}
   (You found it on level 5 of the Lair of Beasts)

   It protects you from fire.
   It makes you more stealthy.
 L - a +2 pair of gloves (melded)
Jewellery
 h - a +3 ring of protection
 o - a ring of protection from magic (melded)
 E - a ring of protection from fire (melded)
 F - a cursed -2 ring of intelligence {unknown}
Wands
 d - a wand of enslavement (26)
 k - a wand of iceblast (25)
 H - a wand of paralysis (7)
 M - a wand of scattershot (12)
 O - a wand of flame (38)
 P - a wand of acid (17)
Scrolls
 c - 2 scrolls of immolation
 g - a scroll of blinking
 l - 14 scrolls of remove curse
 m - 10 scrolls of teleportation
 u - a scroll of summoning
 v - 6 scrolls of identify
 z - 4 scrolls of fog
 D - a scroll of brand weapon
 G - a scroll of magic mapping
 J - a scroll of amnesia
 S - a scroll of torment
 T - a scroll of holy word {unknown}
 V - a scroll of vulnerability
Potions
 i - 2 potions of resistance
 p - 4 potions of might
 q - 12 potions of blood
 A - a potion of agility
 C - 5 potions of curing
 N - 4 potions of heal wounds
 R - 3 potions of haste
 U - a potion of brilliance
 X - 2 potions of magic {unknown}
Miscellaneous
 x - a fan of gales
 Q - a lightning rod (4/4)
 W - a phial of floods


   Skills:
 + Level 12.6 Fighting
 - Level 10.1 Short Blades
 * Level 10.9 Slings
 - Level 1.5(7.1) Throwing
 + Level 13.9 Dodging
 + Level 17.6 Stealth
 - Level 7.2 Invocations


You had 11 spell levels left.
You knew the following spells:

 Your Spells              Type           Power        Failure   Level  Hunger
a - Blink                 Tloc           N/A          38%         2    ###....
b - Apportation           Tloc           #.....       26%         1    ##.....

Your spell library contained the following spells:

 Spells                   Type           Power        Failure   Level  Hunger
 Animate Skeleton         Necr           N/A          26%         1    ##.....
 Confusing Touch          Hex            #.....       26%         1    ##.....
 Magic Dart               Conj           #...         26%         1    ##.....
 Sting                    Conj/Pois      #...         26%         1    ##.....
 Summon Butterflies       Summ           #.......     26%         1    ##.....
 Summon Small Mammal      Summ           #...         26%         1    ##.....
 Call Imp                 Summ           #.......     38%         2    ###....
 Poisonous Vapours        Pois/Air       #.....       38%         2    ###....
 Slow                     Hex            #.......     38%         2    ###....
 Call Canine Familiar     Summ           #.......     63%         3    ####...
 Conjure Flame            Conj/Fire      #.......     63%         3    ####...
 Mephitic Cloud           Conj/Pois/Air  #.......     63%         3    ####...
 Ice Form                 Ice/Tmut       #.......     95%         4    #####..
 Olgreb's Toxic Radiance  Pois           #.......     95%         4    #####..
 Summon Ice Beast         Ice/Summ       #.......     95%         4    #####..
 Metabolic Englaciation   Hex/Ice        #.........   100%        5    ######.
 Summon Mana Viper        Hex/Summ       #.......     100%        5    ######.
 Venom Bolt               Conj/Pois      #.........   100%        5    ######.
 Bolt of Cold             Conj/Ice       #.........   100%        6    #######
 Freezing Cloud           Conj/Ice/Air   #.........   100%        6    #######
 Ozocubu's Refrigeration  Ice            #.........   100%        6    #######
 Simulacrum               Ice/Necr       #.........   100%        6    #######
 Summon Hydra             Summ           #.........   100%        7    #######


Dungeon Overview and Level Annotations

Branches:
Dungeon (14/15)            Temple (1/1) D:4            Lair (6/6) D:9
 Shoals (0/4) Lair:3       Spider (0/4) Lair:4        Slime (0/5) Lair:6
    Orc (2/2) D:9             Elf (0/3) Orc:2        Vaults (0/5) D:13
 Depths (0/5) D:15

Altars:
Ashenzari
Cheibriados
Dithmenos
Elyvilon
Fedhas
Gozag
Hepliaklqana
Kikubaaqudgha
Makhleb
Nemelex Xobeh
Okawaru
Qazlal
Ru
Sif Muna
Trog
Uskayaw
Vehumet
Wu Jian
Xom
Yredelemnul
Zin
The Shining One
Jiyva

Shops:
D:5 }   D:10 !   Orc:2 *=?:


Innate Abilities, Weirdness & Mutations

You heal slowly.
You have razor-sharp teeth.
You have supernaturally acute eyesight. (SInv)
((You can survive without breathing.))


Message History

a giant club x2; a robe; 6 stones The fire dragon breathes flames at you.
The blast of flame hits you! You resist.
* * * LOW HITPOINT WARNING * * *
You turn into a vampire bat.
The +5 quick blade of Tobe {venom, rPois rF+++ Dex-5 Stlth+} melds into your Your +2 cloak melds into your body.
Your +0 helmet melds into your body.
Your +2 pair of gloves melds into your body.
The +1 pair of boots of the Hidden Vale {rF+ Stlth+} melds into your body.
Your +2 robe of magic resistance melds into your body.
Your ring of protection from magic melds into your body.
Your ring of protection from fire melds into your body.
The +5 quick blade of Tobe {venom, rPois rF+++ Dex-5 Stlth+} stops dripping You feel less resistant to hostile enchantments.
The fire dragon breathes flames at you. The blast of flame misses you.
Found 29 bolts.
The fire dragon breathes flames at you. The blast of flame hits you!
You die...

****,,,,***###+*,***,*,,,********
,,,*,,,,,,,,....,,,,,,,,,,,,,,,,,
,,,,,,,*****#...,*****,,,********
,*,,,,,** #...** *,,,,,,,,*,,
,,*,,,,,* #...* *#######(#.,
,,****,,*####...#######))...((..,
*,*,,,,,,.....(.((...D.)(.((....,
*,*,*,*,*..........####)####..O.,
*,*,*,*,,#...##.b.#...#)# *,,*#,
*,*,*,*<,,#..##[.#.D..#.# *,*,,,
*,*,*,**,,,#....#(..)##)# *,,,,*
*,,,*,,,,,,,#..#.().))((# ***,,*
,,,***,,,**..##..##..#### *,,*
,,,,,*,,,*#..*#..##..# *,,*
,,,,,*,,,..(#..#....## *,,,
,,,,,*,,,..#....#D..# **,*
,,,,,*,,,,#..##(.#..# *** *,,


You could see 2 fire dragons.

Vanquished Creatures
  Kirke (D:13)
  Nessos (Lair:6)
  Josephine (Lair:5)
  A vault guard (D:13)
  5 hydras
  An ogre mage (D:15)
  2 centaur warriors (D:14)
  2 death knights
  7 two-headed ogres
  A tengu warrior (D:13)
  3 orc high priests (Orc:2)
  A skeletal warrior (D:13)
  2 unseen horrors
  A phantasmal warrior (D:14)
  2 wizards
  5 orc knights (Orc:2)
  4 ugly things
  5 orc sorcerers (Orc:2)
  4 cyclopes
  11 deep elf magi
  2 manticores
  6 elephants
  A centaur zombie (D:12)
  A black mamba (Lair:5)
  Joseph (Lair:1)
  A torpor snail (Lair:5)
  2 gargoyles
  26 spiny frogs
  2 efreet (D:14)
  3 rime drakes
  7 komodo dragons
  A freezing wraith (D:14)
  A harpy zombie (D:13)
  3 trolls
  4 tyrant leeches (Lair:6)
  A queen bee (D:9)
  A queen bee (shapeshifter) (D:13)
  2 hornets
  36 blink frogs
  11 hippogriffs
  5 slime creatures
  3 dream sheep (Lair:6)
  2 shadows
  3 wyverns
  A hog (D:13)
  10 wraiths
  56 yaks
  2 hungry ghosts (D:12)
  3 basilisks
  12 vampire mosquitoes
  A steam dragon (D:10)
  A warg (Orc:2)
  2 acid dragons (D:14)
  8 water moccasins
  9 porcupines
  20 orc warriors
  An eye of draining (D:14)
  3 ice beasts
  2 sky beasts
  12 ogres
  5 black bears
  A necrophage (D:6)
  4 phantoms
  14 centaurs
  11 crocodiles
  A big kobold (D:11)
  28 bullfrogs
  The ghost of kalagan the Firebug, an amateur DEFE of Hepliaklqana (D:3)
  A wyvern zombie (D:7)
  4 wyvern skeletons
  4 scorpions
  28 killer bees
  11 wights
  3 vampire bats (D:10)
  5 howler monkeys
  An electric eel (Lair:6)
  2 bullfrog zombies
  A quasit (D:11)
  4 crimson imps
  6 hounds
  4 jellies
  7 centaur skeletons
  13 orc priests
  A bullfrog skeleton (D:13)
  8 iguanas
  22 orc wizards
  7 worker ants
  5 hell rats (Lair:4)
  A hound skeleton (D:7)
  2 hound zombies
  A howler monkey zombie (D:11)
  13 gnolls
  9 adders
  A shadow imp (D:12)
  3 oozes
  2 adder skeletons
  3 worms
  2 dart slugs (D:1)
  3 leopard geckos
  72 orcs
  3 ball pythons
  4 giant cockroaches
  4 goblins
  6 hobgoblins
  7 jackals
  3 quokkas
  A ball python skeleton (D:3)
  20 bats
  10 frilled lizards
  A giant cockroach zombie (D:6)
  A jackal skeleton (D:5)
  16 kobolds
  A leopard gecko skeleton (D:4)
  5 rats
724 creatures vanquished.

Vanquished Creatures (collateral kills)
  A hippogriff (Lair:1)
  2 yaks (Lair:1)
  A water moccasin (Lair:1)
  A bush (Lair:1)
5 creatures vanquished.

Vanquished Creatures (others)
  An orc priest (Orc:2)
  An orc (Orc:2)
  5 fungi
  30 plants
37 creatures vanquished.

Grand Total: 766 creatures vanquished

Notes
Turn   | Place    | Note
-------+----------+-------------------------------------------
     0 | D:1      | Torikoriko the Vampire Assassin began the quest for the
                  | Orb.
     0 | D:1      | Reached XP level 1. HP: 16/16 MP: 1/1
    91 | D:1      | Reached skill level 6 in Stealth
    91 | D:1      | Reached XP level 2. HP: 22/22 MP: 2/2
   739 | D:2      | Reached XP level 3. HP: 23/27 MP: 3/3
  1267 | D:2      | Reached XP level 4. HP: 32/34 MP: 4/4
  2400 | D:3      | Noticed kalagan's ghost (amateur DEFE)
  2401 | D:3      | Found a runed gate.
  2405 | D:3      | Found a runed gate.
  2405 | D:3      | Found a runed gate.
  2653 | D:3      | Reached XP level 5. HP: 18/39 MP: 5/5
  3574 | D:4      | Noticed a black bear
  3577 | D:4      | Killed a black bear
  3577 | D:4      | Reached skill level 7 in Stealth
  3592 | D:4      | Found a staircase to the Ecumenical Temple.
  3597 | Temple   | Entered the Ecumenical Temple
  3720 | Temple   | Became a worshipper of Uskayaw the Reveler
  3739 | D:4      | Found a blossoming altar of Fedhas.
  3787 | D:4      | Reached * piety under Uskayaw
  4206 | D:4      | Reached XP level 6. HP: 47/47 MP: 6/6
  4229 | D:4      | Reached skill level 5 in Short Blades
  4889 | D:4      | Reached ** piety under Uskayaw
  4897 | D:4      | Reached *** piety under Uskayaw
  5980 | D:4      | Reached XP level 7. HP: 52/52 MP: 7/7
  6714 | D:4      | Reached skill level 8 in Stealth
  7039 | D:5      | Entered Level 5 of the Dungeon
  7197 | D:5      | Found Veyveunaa's Gadget Boutique.
  7722 | D:6      | Found an opulent altar of Gozag.
  7814 | D:6      | Reached XP level 8. HP: 59/60 MP: 8/8
  8109 | D:6      | Reached skill level 9 in Stealth
  8406 | D:6      | Reached skill level 5 in Dodging
  8958 | D:6      | Found a stormy altar of Qazlal.
  8958 | D:6      | Noticed an air elemental
  9317 | D:6      | Reached skill level 5 in Fighting
  9508 | D:3      | Killed kalagan's ghost
  9508 | D:3      | Reached skill level 10 in Stealth
  9508 | D:3      | Reached XP level 9. HP: 44/68 MP: 9/9
 11449 | D:8      | Noticed a two-headed ogre
 12272 | D:8      | Noticed a two-headed ogre
 12273 | D:8      | Killed a two-headed ogre
 12273 | D:8      | Reached skill level 10 in Short Blades
 12273 | D:8      | Reached skill level 11 in Stealth
 12565 | D:8      | Reached XP level 10. HP: 34/76 MP: 10/10
 13290 | D:8      | Killed a two-headed ogre
 13380 | D:9      | Found a burning altar of Makhleb.
 13380 | D:9      | Found a stormy altar of Qazlal.
 13381 | D:9      | Found an iron altar of Okawaru.
 13715 | D:9      | Reached skill level 12 in Stealth
 13742 | D:9      | Reached **** piety under Uskayaw
 14234 | D:9      | Reached skill level 1 in Invocations
 15646 | D:9      | Found a staircase to the Orcish Mines.
 16293 | D:9      | Noticed a wizard
 16314 | D:9      | Killed a wizard
 16396 | D:9      | Found a staircase to the Lair.
 16853 | D:9      | Reached skill level 13 in Stealth
 16853 | D:9      | Reached XP level 11. HP: 48/86 MP: 13/13
 17139 | D:10     | Entered Level 10 of the Dungeon
 17266 | D:10     | Noticed an unseen horror
 17290 | D:10     | Killed an unseen horror
 17474 | D:10     | Found Ekkirr's Distillery.
 18048 | D:11     | Noticed a two-headed ogre
 18051 | D:11     | Killed a two-headed ogre
 18051 | D:11     | Reached skill level 5 in Invocations
 19237 | D:11     | Got an uncursed warped hunting sling {venom}
 19280 | D:11     | Identified the +5 hunting sling of the Countless Ghosts
                  | {venom, Dex+7 Stlth+} (You took it off a wight on level 11
                  | of the Dungeon)
 19298 | D:11     | Noticed a red ugly thing
 19739 | Lair:1   | Entered Level 1 of the Lair of Beasts
 20445 | Lair:1   | Noticed an eight-headed hydra
 20489 | Lair:1   | Noticed a six-headed hydra
 21311 | Lair:1   | Reached skill level 14 in Stealth
 21917 | D:9      | Killed a six-headed hydra
 21917 | D:9      | Reached skill level 1 in Slings
 22177 | Lair:1   | Reached ***** piety under Uskayaw
 22192 | Lair:1   | Reached XP level 12. HP: 67/95 MP: 16/16
 22913 | Lair:1   | Reached ****** piety under Uskayaw
 23029 | Lair:1   | Noticed Joseph
 23032 | Lair:1   | Noticed a five-headed hydra
 23124 | Lair:1   | Killed a five-headed hydra
 23124 | Lair:1   | Reached skill level 10 in Dodging
 23134 | Lair:1   | Killed Joseph
 23551 | Lair:1   | Killed an eight-headed hydra
 24932 | Lair:3   | Reached skill level 15 in Stealth
 25003 | Lair:2   | Reached skill level 10 in Fighting
 25028 | Lair:3   | Reached skill level 5 in Slings
 26259 | Lair:3   | Reached XP level 13. HP: 86/103 MP: 18/18
 26670 | Lair:3   | Found a staircase to the Shoals.
 27549 | Lair:4   | Found a hole to the Spider Nest.
 29083 | Lair:5   | Got a pair of pitted boots
 29094 | Lair:5   | Identified the +1 pair of boots of the Hidden Vale {rF+
                  | Stlth+} (You found it on level 5 of the Lair of Beasts)
 29307 | Lair:5   | Noticed Josephine
 29583 | Lair:6   | Entered Level 6 of the Lair of Beasts
 29600 | Lair:6   | Reached skill level 16 in Stealth
 33024 | Lair:5   | Reached XP level 14. HP: 75/113 MP: 19/19
 34167 | Lair:6   | Noticed Nessos
 34568 | Lair:6   | Killed Nessos
 34862 | Lair:6   | Identified a scroll of acquirement
 34868 | Lair:6   | Identified the +3 hand crossbow "Gethank" {venom, Fragile
                  | +Inv rElec MR+} (You found it on level 6 of the Lair of
                  | Beasts)
 34870 | Lair:6   | Identified the +9 hand axe "Odusaku" {chaos, *Corrode rC+
                  | Int+3 SInv} (You found it on level 6 of the Lair of Beasts)
 34978 | Lair:6   | Found a runed door.
 34979 | Lair:6   | Found a viscous altar of Jiyva.
 34979 | Lair:6   | Found a staircase to the Slime Pits.
 35236 | Lair:5   | Killed Josephine
 35283 | Lair:5   | Reached skill level 17 in Stealth
 35809 | Lair:1   | Got a steaming quick blade
 35810 | Lair:1   | Identified the +5 quick blade of Tobe {venom, rPois rF+++
                  | Dex-5 Stlth+} (You acquired it on level 1 of the Lair of
                  | Beasts)
 35842 | Orc:1    | Entered Level 1 of the Orcish Mines
 36041 | Orc:2    | Entered Level 2 of the Orcish Mines
 36876 | Orc:2    | Found Cilae's General Store.
 39106 | Orc:2    | Found Qieryoc's Magic Scroll Boutique.
 39118 | Orc:2    | Found Daub's Book Boutique.
 39120 | Orc:2    | Found Wack's Jewellery Emporium.
 39129 | Orc:2    | Learned a level 2 spell: Blink
 39133 | Orc:2    | Learned a level 1 spell: Apportation
 39248 | Orc:2    | Found a staircase to the Elven Halls.
 42862 | D:12     | Reached skill level 10 in Slings
 43282 | D:13     | Noticed Kirke
 43325 | D:13     | Killed Kirke
 43673 | D:13     | Reached XP level 15. HP: 82/121 MP: 20/20
 44288 | D:13     | Found a gate to the Vaults.
 48854 | D:14     | You fall through a shaft!
 48854 | D:15     | Entered Level 15 of the Dungeon
 49171 | D:15     | Killed from afar by a fire dragon

Skill      XL: |  1  2  3  4  5  6  7  8  9 10 11 12 13 14 |
---------------+-------------------------------------------+-----
Stealth        | 6 7 8 10 11 13 14 15 16 17 | 17.6
Fighting       | 2 3 4 5 6 7 9 10 11 12 | 12.6
Short Blades   | 3 4 5 6 8 10 | 10.1
Dodging        | 2 3 4 5 7 8 9 10 11 13 | 13.9
Invocations    | 3 6 7 |  7.2
Slings         | 1 5 8 10 | 10.9
Throwing       | |  1.5

Action                   |  1- 3 |  4- 6 |  7- 9 | 10-12 | 13-15 || total
-------------------------+-------+-------+-------+-------+-------++-------
Melee: Dagger            |   114 |   200 |   515 |  1177 |   644 ||  2650
       Bite              |    10 |    22 |    74 |   150 |   176 ||   432
       Unarmed           |       |       |     1 |       |       ||     1
       Quick blade       |       |       |       |       |  1117 ||  1117
 Fire: Blowgun           |       |    15 |    55 |    51 |       ||   121
       Hunting sling     |       |       |       |   195 |   745 ||   940
Throw: Stone             |       |     1 |     4 |    18 |     6 ||    29
 Cast: Blink             |       |       |       |       |     1 ||     1
Invok: Stomp             |       |       |     1 |     9 |     3 ||    13
 Abil: Bat Form          |     1 |     7 |    20 |    35 |    33 ||    96
       End Transformatio |     1 |     7 |    20 |    35 |    32 ||    95
Evoke: Wand              |       |       |       |       |     1 ||     1
  Use: Scroll            |       |     8 |     6 |    11 |    10 ||    35
       Potion            |       |     6 |     8 |    20 |    32 ||    66
 Stab: Sleeping          |    17 |    10 |    34 |    15 |    58 ||   134
       Paralysed         |       |     1 |     1 |    34 |    53 ||    89
       Distracted        |       |       |     1 |     1 |     2 ||     4
  Eat: Corpse            |       |       |     1 |     1 |       ||     2
Armor: Robe              |    37 |    34 |    59 |   183 |   148 ||   461
Dodge: Dodged            |    59 |   113 |   210 |   853 |   912 ||  2147
